 Dungeon Crawl Stone Soup version 0.27.0-1-g7a089689b8 (webtiles) character file.

Game seed: 9239312538700804902

60 ZombieSheep the Ruffian (level 3, 0/29 HPs)
             Began as a Draconian Transmuter on Aug 3, 2021.
             Slain by a goblin (6 damage)
             ... led by Robin
             ... on level 3 of the Dungeon.
             The game lasted 00:05:56 (1853 turns).

ZombieSheep the Ruffian (Draconian Transmuter)      Turns: 1853, Time: 00:05:56

Health: 0/29       AC:  5    Str: 12    XL:     3   Next: 80%
Magic:  5/6        EV: 12    Int: 14    God:
Gold:   70         SH:  0    Dex: 11    Spells: 5/6 levels left

rFire    . . .     SeeInvis .     - Unarmed
rCold    . . .     Faith    .   (no shield)
rNeg     . . .     Spirit   .   (armour unavailable)
rPois    .         Reflect  .   (helmet currently unavailable)
rElec    .         Harm     .   (no cloak)
rCorr    .         Rampage  .   (no gloves)
Will     .....                  (boots currently unavailable)
Stlth    +.........             (no amulet)
HPRegen  0.09/turn              (no ring)
MPRegen  0.10/turn              (no ring)

@: appendages
A: horns 2, talons 2, AC +5, unfitting armour, cold-blooded
a: End Transformation


You were on level 3 of the Dungeon.
You had temporarily grown beastly horns and talons.
You visited 1 branch of the dungeon, and saw 3 of its levels.

You collected 70 gold pieces.

Inventory:

Armour
 a - a +0 pair of boots
Scrolls
 d - a scroll of enchant armour {unknown}
 e - a scroll of identify
 f - 3 scrolls of holy word
Potions
 b - a potion of invisibility {unknown}
 c - a potion of attraction {unknown}
 g - 2 potions of might {unknown}
 i - 2 potions of brilliance {unknown}


   Skills:
 + Level 2.0 Fighting
 + Level 2.3 Dodging
 + Level 3.4 Unarmed Combat
 + Level 2.4 Spellcasting
 + Level 2.5 Transmutations


You had 5 spell levels left.
You knew the following spells:

 Your Spells              Type           Power      Damage    Failure   Level
a - Beastly Appendage     Tmut           16%        N/A       9%          1

Your spell library contained the following spells:

 Spells                   Type           Power      Damage    Failure   Level
 Wereblood                Tmut           8%         N/A       12%         2
 Spider Form              Tmut/Pois      2%         N/A       38%         3
 Ice Form                 Ice/Tmut       5%         N/A       80%         4


Dungeon Overview and Level Annotations

Branches:
Dungeon (3/15)

Altars:
Nemelex Xobeh
Ru

Annotations:
D:3 Robin


Innate Abilities, Weirdness & Mutations

You have temporarily grown beastly horns and talons.
Your plain brown scales are hard. (AC +5)
You cannot fit into any form of body armour.
You are cold-blooded and may be slowed by cold attacks.


Message History

You hit the hobgoblin.
You claw the hobgoblin, but do no damage.
Your headbutt misses the hobgoblin.
Your tail-slap misses the hobgoblin.
The hobgoblin is severely wounded.
The hobgoblin barely misses you.
You hit the hobgoblin.
You kill the hobgoblin!
You hit the goblin.
You kill the goblin!
No target in view!
No target in view!
You start resting.
Magic restored.
Your transformation is almost over.
Robin of the Strong Arm comes into view.
They are wielding a +0 mace.
Robin shouts!
You hear a shout! x2
Robin throws the goblin at you!
Things that are here:
a +0 club; a goblin corpse; a hobgoblin corpse You barely miss Robin.
Your headbutt misses Robin.
Your horns disappear.
Your talons disappear.
The goblin closely misses you.
You closely miss Robin. Robin hits you with a +0 mace.
The goblin barely misses you.
You hit Robin. You tail-slap Robin, but do no damage.
Robin is lightly wounded.
Robin throws the goblin at you! The goblin hits you but does no damage.
Casting: Beastly Appendage (safe; 9% risk of failure)
Confirm with . or Enter, or press ? or * to list all spells.
You grow a pair of large bovine horns.
Your feet morph into talons.
Robin roars a battlecry!
The goblins go into a battle-frenzy!
The goblin hits you with a +0 club. The goblin hits you with a +0 dagger.
You closely miss the goblin. The goblin barely misses you.
Robin hits you with a +0 mace! The goblin hits you with a +0 dagger.
* * * LOW HITPOINT WARNING * * *
You closely miss the goblin. Robin hits you with a +0 mace.
* * * LOW HITPOINT WARNING * * *
The goblin hits you with a +0 club.
You die...

...#####......####..........#
.................#..#..###..#
##.#####.......#.#.P.PP...#.#
#####.#.#.#.#......#.# ##
#.#.#.#.....[..#.# ...
#.#.#.#.#......P.# ...g
#.#.#.#.#..P..PP.# ...gg
#g#...#.#..)...#.#
...gg.#@#.###.###''###.#
#g.g.# #..........# ######
#####..##### #.......
####.... #.... ##### # ####


You could see Robin and 2 goblins.

Vanquished Creatures
  An adder (D:2)
  2 dart slugs
  4 orcs (D:3)
  A bat (D:3)
  A giant cockroach (D:1)
  6 goblins
  7 hobgoblins
  5 jackals
  3 ball pythons
  A frilled lizard (D:1)
  3 kobolds
  3 rats
37 creatures vanquished.

Notes
Turn   | Place    | Note
-------+----------+-------------------------------------------
     0 | D:1      | ZombieSheep the Draconian Transmuter began the quest for
                  | the Orb.
     0 | D:1      | Reached XP level 1. HP: 16/16 MP: 3/3
   433 | D:1      | Reached XP level 2. HP: 23/23 MP: 3/5
   752 | D:1      | Found a faded altar of an unknown god.
  1014 | D:2      | Found a sparkling altar of Nemelex Xobeh.
  1117 | D:2      | Reached XP level 3. HP: 27/29 MP: 4/6
  1739 | D:3      | Found a sacrificial altar of Ru.
  1846 | D:3      | Noticed Robin
  1853 | D:3      | Slain by a goblin

Illustrated notes

Levels and vault maps discovered:
D:1:      giann_horns, layout_loops_ring,
          shapermc_ecumenical_altar_mp_urbaneastern, kennysheep_nondescript
D:2:      layout_basic, basic_altar
D:3:      cheibrodos_old_hovel, layout_basic, mainiacjoe_overflow_swirl,
          minmay_misc_feat_doors, amcnicky_mini_rare_corridor_liquid,
          chequers_serial_rivers_micro_a, uniq_robin

Skill      XL: |  1  2  3 |
---------------+----------+-----
Dodging        | 2 |  2.3
Fighting       | 2 |  2.0
Unarmed Combat | |  3.4
Spellcasting   | |  2.4
Transmutations | |  2.5

Action                   || total
-------------------------++-------
Melee: Unarmed           ||   121
       Tailslap          ||     8
       Kick              ||    13
       Headbutt          ||     4
       Punch             ||     1
 Cast: Beastly Appendage ||    20
  Use: Scroll            ||     4
Armor: Skin              ||    38
Dodge: Dodged            ||    75
